TOP OF THE 1ST |
Provo Mango batting - Pitching for Alameda Airmen : LHP Roberto Silva
|
Pitching: LHP Roberto Silva
|
|
Batting: RHB Cristián Lima
|
0-0: SINGLE (Flyball, 78S)
|
Batting: LHB Akihito Nishiyama
|
0-0: Ball 1-0: Swinging Strike 1-1: Swinging Strike 1-2: Ground out U3 (Groundball, 3S) Cristián Lima to second
|
Batting: RHB Santiago Ramos
|
0-0: Ball 1-0: Ball 2-0: Called Strike 2-1: Ball 3-1: Foul Ball, location: 2F 3-2: Base on Balls
|
Batting: RHB Rubén Campos
|
0-0: Called Strike 0-1: Fielders Choice at 2nd, 6-4 (Groundball, 6) Cristián Lima to third
|
Batting: RHB Lúcio Sánchez
|
0-0: Called Strike Rubén Campos steals 2nd base 0-1: Ball 1-1: Foul Ball, location: 2F 1-2: Ground out 6-3 (Groundball, 6M)
|
Top of the 1st over - 0 run(s), 1 hit(s), 0 error(s), 2 left on base; Provo 0 - Alameda 0 |
BOTTOM OF THE 1ST |
Alameda Airmen batting - Pitching for Provo Mango : RHP Jason Troughton
|
Pitching: RHP Jason Troughton
|
|
Batting: RHB Mariano Sánchez
|
0-0: Called Strike 0-1: Swinging Strike 0-2: Ball 1-2: Foul Ball, location: 2F 1-2: Strikes out swinging
|
Batting: SHB Orlando Villa
|
0-0: Ball 1-0: SINGLE (Line Drive, 8LS)
|
Batting: RHB Joe Phillips
|
0-0: Called Strike 0-1: Ball 1-1: Ground out 4-3 (Groundball, 4M) Orlando Villa to second
|
Batting: RHB Vicente Rodríguez
|
0-0: Ball 1-0: SINGLE (Groundball, 6MD) Orlando Villa to third Runner from 3rd tries for Home, SAFE, throw made home Vicente Rodríguez to second
|
Batting: RHB Ricardo Téllez
|
0-0: Ball 1-0: Ground out 5-3 (Groundball, 56)
|
Bottom of the 1st over - 1 run(s), 2 hit(s), 0 error(s), 1 left on base; Provo 0 - Alameda 1 |
TOP OF THE 2ND |
Provo Mango batting - Pitching for Alameda Airmen : LHP Roberto Silva
|
Batting: LHB Armando Villarreal
|
0-0: Fly out, F7 (Line Drive, 78S)
|
Batting: RHB Xavier Hernández
|
0-0: Ball 1-0: Foul Ball, location: 2F 1-1: Ground out 5-3 (Groundball, 56)
|
Batting: RHB Everette Jeffers
|
0-0: Called Strike 0-1: SINGLE (Line Drive, 6M)
|
Batting: RHB John Moss
|
0-0: Called Strike 0-1: Ball 1-1: Called Strike 1-2: Strikes out looking
|
Top of the 2nd over - 0 run(s), 1 hit(s), 0 error(s), 1 left on base; Provo 0 - Alameda 1 |
BOTTOM OF THE 2ND |
Alameda Airmen batting - Pitching for Provo Mango : RHP Jason Troughton
|
Batting: RHB Juan García
|
0-0: SINGLE (Groundball, 13) (infield hit)
|
Batting: RHB Jeffrey Jones
|
0-0: Called Strike 0-1: Ball 1-1: Ball 2-1: Swinging Strike 2-2: Foul Ball, location: 2F 2-2: Ball 3-2: Strikes out looking
|
Batting: RHB Francisco Mejía
|
0-0: Called Strike 0-1: Foul Ball, location: 2F 0-2: Fly out, F8 (Flyball, 8RM)
|
Batting: RHB Lenny Roper
|
0-0: Called Strike 0-1: Ball 1-1: SINGLE (Line Drive, 34D) Juan García to second
|
Batting: RHB Mariano Sánchez
|
0-0: Fly out, F7 (Line Drive, 7M)
|
Bottom of the 2nd over - 0 run(s), 2 hit(s), 0 error(s), 2 left on base; Provo 0 - Alameda 1 |
TOP OF THE 3RD |
Provo Mango batting - Pitching for Alameda Airmen : LHP Roberto Silva
|
Batting: RHB Cristián Lima
|
0-0: Called Strike Error on foul ball, E3 0-2: Fly out, F7 (Flyball, 7LSF)
|
Batting: LHB Akihito Nishiyama
|
0-0: Ball 1-0: Ground out 4-3 (Groundball, 4)
|
Batting: RHB Santiago Ramos
|
0-0: Ball 1-0: Foul Ball, location: 2F 1-1: Called Strike 1-2: Ball 2-2: Ball 3-2: Foul Ball, location: 2F 3-2: SINGLE (Groundball, 6MD)
|
Batting: RHB Rubén Campos
|
0-0: Ball 1-0: Swinging Strike 1-1: Swinging Strike 1-2: Ball 2-2: Strikes out looking
|
Top of the 3rd over - 0 run(s), 1 hit(s), 1 error(s), 1 left on base; Provo 0 - Alameda 1 |
BOTTOM OF THE 3RD |
Alameda Airmen batting - Pitching for Provo Mango : RHP Jason Troughton
|
Batting: SHB Orlando Villa
|
0-0: Called Strike 0-1: Ball 1-1: Foul Ball, location: 2F 1-2: Strikes out swinging
|
Batting: RHB Joe Phillips
|
0-0: Ball 1-0: Called Strike 1-1: Ball 2-1: Foul Ball, location: 2F 2-2: Strikes out swinging
|
Batting: RHB Vicente Rodríguez
|
0-0: Called Strike 0-1: Ball 1-1: Ball 2-1: Foul Ball, location: 2F 2-2: Strikes out swinging
|
Bottom of the 3rd over - 0 run(s), 0 hit(s), 0 error(s), 0 left on base; Provo 0 - Alameda 1 |
TOP OF THE 4TH |
Provo Mango batting - Pitching for Alameda Airmen : LHP Roberto Silva
|
Batting: RHB Lúcio Sánchez
|
0-0: Ball 1-0: Foul Ball, location: 2F 1-1: Swinging Strike 1-2: Ball 2-2: Fly out, F8 (Popup, 8LS)
|
Batting: LHB Armando Villarreal
|
0-0: Foul Ball, location: 2F 0-1: Foul Ball, location: 2F 0-2: Foul Ball, location: 2F 0-2: Ball 1-2: Ball 2-2: Ball 3-2: SINGLE (Groundball, 56)
|
Batting: RHB Xavier Hernández
|
0-0: Foul Ball, location: 2F 0-1: Ball 1-1: Swinging Strike 1-2: Grounds into double play, 4-6-3 (Groundball, 4)
|
Top of the 4th over - 0 run(s), 1 hit(s), 0 error(s), 0 left on base; Provo 0 - Alameda 1 |
BOTTOM OF THE 4TH |
Alameda Airmen batting - Pitching for Provo Mango : RHP Jason Troughton
|
Batting: RHB Ricardo Téllez
|
0-0: Ball 1-0: Fly out, F7 (Flyball, 7M)
|
Batting: RHB Juan García
|
0-0: Ball 1-0: Ball 2-0: Fly out, F9 (Flyball, 9M)
|
Batting: RHB Jeffrey Jones
|
0-0: Swinging Strike 0-1: Called Strike 0-2: Ball 1-2: Ball 2-2: Ball 3-2: SINGLE (Line Drive, 4MD)
|
Batting: RHB Francisco Mejía
|
0-0: Ball 1-0: Ball Throwing error on steal attempt, E2 Jeffrey Jones to third 2-0: Ball 3-0: Base on Balls
|
Batting: RHB Lenny Roper
|
0-0: Foul Ball, location: 2F 0-1: Ball 1-1: Ball 2-1: Foul Ball, location: 2F 2-2: Foul Ball, location: 2F 2-2: Foul Ball, location: 2F 2-2: Fly out, F7 (Flyball, 7M)
|
Bottom of the 4th over - 0 run(s), 1 hit(s), 1 error(s), 2 left on base; Provo 0 - Alameda 1 |
TOP OF THE 5TH |
Provo Mango batting - Pitching for Alameda Airmen : LHP Roberto Silva
|
Batting: RHB Everette Jeffers
|
0-0: Foul Ball, location: 2F 0-1: Ball 1-1: Foul Ball, location: 2F 1-2: Ball 2-2: Ball 3-2: Base on Balls
|
Batting: RHB John Moss
|
0-0: Bunted foul 0-1: Bunted foul 0-2: Ball 1-2: Grounds into double play, 6-4-3 (Groundball, 6)
|
Batting: RHB Cristián Lima
|
0-0: Ball 1-0: Foul Ball, location: 2F 1-1: Ball 2-1: Ball 3-1: Swinging Strike 3-2: Strikes out looking
|
Top of the 5th over - 0 run(s), 0 hit(s), 0 error(s), 0 left on base; Provo 0 - Alameda 1 |
BOTTOM OF THE 5TH |
Alameda Airmen batting - Pitching for Provo Mango : RHP Jason Troughton
|
Batting: RHB Mariano Sánchez
|
0-0: Swinging Strike 0-1: Ball 1-1: SINGLE (Line Drive, 4)
|
Batting: SHB Orlando Villa
|
0-0: Ball 1-0: Sac Bunt - play at first, batter OUT! 1-4 Mariano Sánchez to second
|
Batting: RHB Joe Phillips
|
0-0: Intentional Walk
|
Batting: RHB Vicente Rodríguez
|
0-0: Called Strike 0-1: Swinging Strike 0-2: Ball 1-2: Strikes out looking
|
Batting: RHB Ricardo Téllez
|
Reached via error on a dropped throw, E4 Mariano Sánchez to third Joe Phillips to second
|
Batting: RHB Juan García
|
0-0: SINGLE (Groundball, 5D) Mariano Sánchez scores Joe Phillips to third Ricardo Téllez to second Runner from 3rd tries for Home, SAFE, no throw or cutoff
|
Batting: RHB Jeffrey Jones
|
0-0: Fly out, F9 (Flyball, 89M)
|
Bottom of the 5th over - 2 run(s), 2 hit(s), 1 error(s), 2 left on base; Provo 0 - Alameda 3 |
TOP OF THE 6TH |
Provo Mango batting - Pitching for Alameda Airmen : LHP Roberto Silva
|
Batting: LHB Akihito Nishiyama
|
0-0: Called Strike 0-1: Called Strike 0-2: Foul Ball, location: 2F 0-2: Foul Ball, location: 2F 0-2: Ground out 3-1 (Groundball, 34)
|
Batting: RHB Santiago Ramos
|
0-0: Ball 1-0: Ball 2-0: Called Strike 2-1: Foul Ball, location: 2F 2-2: Ball 3-2: Base on Balls
|
Pitching: LHP Finn Wuilink
|
|
Batting: RHB Rubén Campos
|
0-0: Called Strike 0-1: Foul Ball, location: 2F 0-2: Strikes out swinging
|
Batting: RHB Lúcio Sánchez
|
0-0: Foul Ball, location: 2F 0-1: Swinging Strike 0-2: Strikes out swinging
|
Top of the 6th over - 0 run(s), 0 hit(s), 0 error(s), 1 left on base; Provo 0 - Alameda 3 |
BOTTOM OF THE 6TH |
Alameda Airmen batting - Pitching for Provo Mango : RHP Jason Troughton
|
Batting: RHB Francisco Mejía
|
0-0: Ground out 1-3 (Groundball, 13)
|
Batting: RHB Lenny Roper
|
0-0: Ball 1-0: Ball 2-0: Ball 3-0: Called Strike 3-1: Foul Ball, location: 2F 3-2: Strikes out swinging
|
Batting: RHB Mariano Sánchez
|
0-0: Ball 1-0: Called Strike 1-1: Ball 2-1: Swinging Strike 2-2: Ground out 1-3 (Groundball, 23)
|
Bottom of the 6th over - 0 run(s), 0 hit(s), 0 error(s), 0 left on base; Provo 0 - Alameda 3 |
TOP OF THE 7TH |
Provo Mango batting - Pitching for Alameda Airmen : LHP Finn Wuilink
|
Batting: LHB Armando Villarreal
|
0-0: Called Strike 0-1: Ball 1-1: Foul Ball, location: 2F 1-2: Strikes out swinging
|
Batting: RHB Xavier Hernández
|
0-0: Ball 1-0: Ball 2-0: SINGLE (Line Drive, 4D)
|
Batting: RHB Everette Jeffers
|
0-0: Called Strike 0-1: Ball 1-1: Ball 2-1: SINGLE (Groundball, 56D) Xavier Hernández to second
|
Batting: RHB John Moss
|
0-0: Foul Ball, location: 2F 0-1: Ball 1-1: Foul Ball, location: 2F 1-2: Strikes out looking
|
Batting: RHB Cristián Lima
|
0-0: Called Strike 0-1: Ball 1-1: Foul Ball, location: 2F 1-2: Ball 2-2: Ball 3-2: Fly out, F4 (Popup, 4MD)
|
Top of the 7th over - 0 run(s), 2 hit(s), 0 error(s), 2 left on base; Provo 0 - Alameda 3 |
BOTTOM OF THE 7TH |
Alameda Airmen batting - Pitching for Provo Mango : RHP Jason Troughton
|
Batting: SHB Orlando Villa
|
0-0: Called Strike 0-1: Ball 1-1: Swinging Strike 1-2: Strikes out swinging
|
Batting: RHB Joe Phillips
|
0-0: Called Strike 0-1: Ball 1-1: Ball 2-1: Foul Ball, location: 2F 2-2: Strikes out looking
|
Batting: RHB Vicente Rodríguez
|
0-0: DOUBLE (Groundball, 5L)
|
Batting: RHB Ricardo Téllez
|
0-0: Called Strike 0-1: Called Strike 0-2: Ball 1-2: Fly out, F9 (Flyball, 89M)
|
Bottom of the 7th over - 0 run(s), 1 hit(s), 0 error(s), 1 left on base; Provo 0 - Alameda 3 |
TOP OF THE 8TH |
Provo Mango batting - Pitching for Alameda Airmen : LHP Finn Wuilink
|
Batting: LHB Akihito Nishiyama
|
0-0: Ball 1-0: Called Strike 1-1: Swinging Strike 1-2: Ball 2-2: Strikes out swinging
|
Batting: RHB Santiago Ramos
|
0-0: Called Strike 0-1: Ball 1-1: Swinging Strike 1-2: Strikes out swinging
|
Pitching: RHP Jim Unknown
|
|
Batting: RHB Rubén Campos
|
0-0: Ball 1-0: Ball 2-0: Called Strike 2-1: Ball 3-1: Fly out, F9 (Flyball, 89S)
|
Top of the 8th over - 0 run(s), 0 hit(s), 0 error(s), 0 left on base; Provo 0 - Alameda 3 |
BOTTOM OF THE 8TH |
Alameda Airmen batting - Pitching for Provo Mango : RHP Jason Troughton
|
Batting: RHB Juan García
|
0-0: Called Strike 0-1: Called Strike 0-2: Fly out, F9 (Flyball, 9LM)
|
Batting: RHB Jeffrey Jones
|
0-0: Called Strike 0-1: Foul Ball, location: 2F 0-2: Ball 1-2: Foul Ball, location: 2F 1-2: Ball 2-2: Ground out 4-3 (Groundball, 4M)
|
Batting: RHB Francisco Mejía
|
0-0: SINGLE (Line Drive, 8LS)
|
Batting: RHB Lenny Roper
|
0-0: Foul Ball, location: 2F 0-1: Ball 1-1: Ball 2-1: Ground out 4-3 (Groundball, 34)
|
Bottom of the 8th over - 0 run(s), 1 hit(s), 0 error(s), 1 left on base; Provo 0 - Alameda 3 |
TOP OF THE 9TH |
Provo Mango batting - Pitching for Alameda Airmen : RHP Jim Unknown
|
Batting: RHB Lúcio Sánchez
|
0-0: Ball 1-0: Foul Ball, location: 2F 1-1: Swinging Strike 1-2: Strikes out swinging
|
Batting: LHB Armando Villarreal
|
0-0: Ball 1-0: Ball 2-0: Ball 3-0: Called Strike 3-1: Base on Balls
|
Batting: RHB Xavier Hernández
|
0-0: Foul Ball, location: 2F 0-1: Called Strike 0-2: Ball 1-2: Strikes out swinging
|
Batting: RHB Everette Jeffers
|
0-0: Ball 1-0: Ball 2-0: Ball 3-0: Called Strike 3-1: SINGLE (Groundball, 6MD) Armando Villarreal to second
|
Pinch Hitting: LHB Esteban Trujillo
|
0-0: Called Strike 0-1: Ball 1-1: Foul Ball, location: 2F 1-2: Strikes out swinging
|
Top of the 9th over - 0 run(s), 1 hit(s), 0 error(s), 2 left on base; Provo 0 - Alameda 3 |
|